 Dungeon Crawl Stone Soup version 0.31-a0-516-gfcb59812bd (webtiles) character file.

Game seed: 14964688845957475614

15229 Bnni the Spear-Bearer (level 12, -17/102 HPs)
             Began as a Formicid Fighter on Aug 10, 2023.
             Was an Initiate of Yredelemnul.
             Demolished by a very large slime creature (53 damage)
             ... on level 13 of the Dungeon.
             The game lasted 00:22:50 (13115 turns).

Bnni the Spear-Bearer (Formicid Fighter)           Turns: 13115, Time: 00:22:50

Health: -17/102    AC: 16    Str: 25    XL:     12   Next: 55%
Magic:  17/17      EV:  6    Int:  9    God:    Yredelemnul [......]
Gold:   673        SH:  5    Dex: 13    Spells: 11/11 levels left

rFire   . . .        a - +0 halberd
rCold   + . .        c - +0 buckler
rNeg    + . .        i - +0 plate armour
rPois   .            (helmet unavailable)
rElec   .            P - +0 cloak
rCorr   .            p - +0 pair of gloves
SInv    +            J - +2 pair of boots {rampage}
Will    +....        (no amulet) Stlth
                     q - ring of positive energy
HPRegen 0.37/turn    I - ring of protection from cold
MPRegen 0.15/turn

%: rampage
@: no status effects
A: permanent stasis, dig shafts and tunnels, antennae 3, four strong arms
a: Dig, Shaft Self, Renounce Religion, Recall Undead Harvest


You were on level 13 of the Dungeon.
You worshipped Yredelemnul.
Yredelemnul was noncommittal.
You visited 2 branches of the dungeon, and saw 14 of its levels.

You collected 673 gold pieces.

Inventory:

Hand Weapons
 a - a +0 halberd (weapon)
 w - the +2 spear of Powerful Subterfuge {venom, rPois}
   (You found it on level 3 of the Dungeon)

   rPois:     It protects you from poison
Missiles
 k - 20 boomerangs
 G - 10 poisoned darts
Armour
 c - a +0 buckler (worn)
 i - a +0 plate armour (worn)
 p - a +0 pair of gloves (worn)
 J - a +2 pair of boots of rampaging (worn)
 M - a +0 pair of boots of flying
 P - a +0 cloak (worn)
Jewellery
 q - a ring of positive energy (left hand)
 C - a ring of poison resistance
 I - a ring of protection from cold (right hand)
Wands
 b - a wand of flame (14)
 f - a wand of iceblast (2)
 E - a wand of paralysis (13)
 Q - a wand of digging (5)
Scrolls
 g - a scroll of enchant armour
 h - 2 scrolls of fear {unknown}
 l - a scroll of poison {unknown}
 m - 3 scrolls of amnesia
 n - 2 scrolls of revelation {unknown}
 o - 5 scrolls of vulnerability {unknown}
 r - 2 scrolls of blinking {unknown}
 s - 5 scrolls of silence {unknown}
 t - 2 scrolls of immolation
 u - a scroll of acquirement {unknown}
 y - a scroll of noise {unknown}
 F - 4 scrolls of enchant weapon {unknown}
 K - 2 scrolls of fog {unknown}
 L - a scroll of brand weapon {unknown}
Potions
 d - 6 potions of might
 e - a potion of magic
 j - 4 potions of brilliance
 v - 5 potions of lignification
 x - a potion of resistance {unknown}
 z - 6 potions of curing
 A - 2 potions of heal wounds
 B - 3 potions of cancellation {unknown}
 D - a potion of mutation {unknown}
 H - 3 potions of attraction {unknown}
 O - a potion of invisibility {unknown}
 R - a potion of enlightenment {unknown}


   Skills:
 + Level 12.2 Fighting
 * Level 14.9 Polearms
 - Level 3.2 Armour
 - Level 5.0 Shields
 * Level 7.6 Invocations


You had 11 spell levels left.
You didn't know any spells.
Your spell library contained the following spells:

 Spells                   Type           Power      Damage    Failure   Level
 Shock                    Conj/Air       0%         1d3       100%        1
 Slow                     Hex            0%         N/A       100%        1
 Ensorcelled Hibernation  Hex/Ice        0%         N/A       100%        2
 Passwall                 Tmut/Erth      0%         N/A       100%        2
 Scorch                   Fire           0%         2d5       100%        2
 Confusing Touch          Hex            0%         N/A       100%        3
 Frozen Ramparts          Ice            0%         1d1       100%        3
 Gell's Gravitas          Tloc           0%         N/A       100%        3
 Stone Arrow              Conj/Erth      0%         3d7       100%        3
 Teleport Other           Tloc           0%         N/A       100%        3
 Tukima's Dance           Hex            0%         N/A       100%        3
 Vampiric Draining        Necr           0%         2d6       100%        3
 Airstrike                Air            0%         2d(0-16)  100%        4
 Animate Armour           Summ/Erth      0%         N/A       100%        4
 Flame Wave               Conj/Fire      0%         2d4       100%        4
 Passage of Golubria      Tloc           0%         N/A       100%        4
 Petrify                  Tmut/Erth      0%         N/A       100%        4
 Metabolic Englaciation   Hex/Ice        0%         N/A       100%        5
 Summon Forest            Summ/Tloc      0%         N/A       100%        5
 Summon Mana Viper        Hex/Summ       0%         N/A       100%        5
 Yara's Violent Unravell  Hex/Tmut       0%         3d3       100%        5
 Dispersal                Tloc           0%         N/A       100%        6
 Summon Cactus Giant      Summ           0%         N/A       100%        6
 Lehudib's Crystal Spear  Conj/Erth      0%         10d2      100%        8
 Swiftness                Air            Unusable   N/A       N/A         3

Dungeon Overview and Level Annotations

Branches:
Dungeon (12/15)            Temple (1/1) D:5            Lair (0/5) D:10
    Orc (0/2) D:11

Altars:
Ashenzari
Cheibriados
Dithmenos
Elyvilon
Fedhas
Gozag
Hepliaklqana
Kikubaaqudgha
Makhleb
Nemelex Xobeh
Okawaru
Qazlal
Ru
Sif Muna
Trog
Uskayaw
Vehumet
Wu Jian
Xom
Yredelemnul
Zin
The Shining One

Shops:
D:10 !

Annotations:
D:12 Frances


Innate Abilities, Weirdness & Mutations

You cannot be hasted, slowed, berserked, paralysed or teleported.
You can dig through walls and to a lower floor.
You have a pair of large antennae on your head. (SInv)
Your four strong arms can wield two-handed weapons with a shield.


Message History

Unknown command.
You slice the large slime creature!!
The large slime creature is heavily wounded.
The large slime creature hits you but does no damage.
Unknown command.
You hit the large slime creature.
The large slime creature is heavily wounded.
The large slime creature hits you!
Two slime creatures merge to form a very large slime creature.
Unknown command.
You impale the very large slime creature!!
The very large slime creature is heavily wounded.
Unknown command.
You hit the very large slime creature.
The very large slime creature is heavily wounded.
Unknown command.
You barely miss the very large slime creature.
The very large slime creature is heavily wounded.
Unknown command.
You puncture the very large slime creature!
The very large slime creature is heavily wounded.
The very large slime creature barely misses you.
Unknown command.
You barely miss the very large slime creature.
The very large slime creature is heavily wounded.
The very large slime creature hits you!
Unknown command.
You barely miss the very large slime creature.
The very large slime creature is heavily wounded.
Unknown command.
You slice the very large slime creature!!
The very large slime creature is severely wounded.
The very large slime creature hits you!!!
* * * LOW HITPOINT WARNING * * *
Unknown command.
You feel much better.
The very large slime creature hits you!!!
Ouch! That really hurt!
You die...
Your body rises from the dead as a mindless zombie.

#. #.# ... ## ,.J#
#.# #.# #.# #.#.#
#+ #D# ... #J# ....
###@# ..... ##.#.#
......####....#####
......'......).(..#
......###.....###.#
..... #.#.#.# #.#
.... #.###.###.#
... #.# #..##.# #+
#.# ##.##.#


You could see a very large slime creature and an acid dragon.

Vanquished Creatures
  3 two-headed ogres
  Amaemon (D:9)
  Pikel (D:7)
  2 cyclopes
  An orange demon (D:9)
  A gargoyle (D:13)
  An unseen horror (D:10)
  5 unseen horror zombies (D:9)
  2 komodo dragons
  A troll (D:11)
  A shadow (D:11)
  A wraith (D:10)
  7 yaks
  Grum (D:9)
  4 steam dragons
  4 vampire mosquitoes (D:10)
  2 acid dragons
  2 water moccasins
  3 orc warriors
  4 ice beasts
  3 black bears
  2 sky beasts
  An ogre (D:6)
  4 wolves (D:9)
  2 centaurs
  A kobold brigand (D:8)
  The ghost of whodunnit the Sneak, an amateur SpBr (D:3)
  2 necrophages (D:9)
  3 bullfrogs
  A gnoll sergeant (D:9)
  6 scorpions
  A wight (D:9)
  7 howler monkeys
  3 jellies
  A human zombie (D:9)
  A sleepcap (D:6)
  8 orc priests
  2 hounds
  3 iguanas
  12 orc wizards
  Ijyb (D:3)
  Terence (D:3)
  2 mummies (D:9)
  A howler monkey zombie (D:9)
  11 gnolls
  7 adders
  2 shadow imps
  5 white imps
  3 worms
  2 dart slugs (D:1)
  73 orcs
  6 bats
  6 endoplasms
  7 giant cockroaches
  8 goblins
  7 hobgoblins
  4 jackals (D:1)
  8 quokkas
  7 ball pythons
  5 frilled lizards
  14 kobolds
  3 rats (D:1)
294 creatures vanquished.

Vanquished Creatures (collateral kills)
  A two-headed ogre (D:11)
  A troll (D:10)
  3 yaks
  A steam dragon (D:10)
  An orc warrior (D:10)
  2 black bears (D:10)
  A scorpion (D:10)
  An orc (D:10)
11 creatures vanquished.

Vanquished Creatures (others)
  3 vampire mosquito zombies (D:10)
  A komodo dragon zombie (D:12)
  An acid dragon zombie (D:12)
  A howler monkey zombie (D:11)
  An orc (D:8)
  9 orc zombies
16 creatures vanquished.

Grand Total: 321 creatures vanquished

Notes
Turn   | Place    | Note
-------+----------+-------------------------------------------
     0 | D:1      | Bnni the Formicid Fighter began the quest for the Orb.
     0 | D:1      | Reached XP level 1. HP: 18/18 MP: 1/1
    57 | D:1      | Reached XP level 2. HP: 21/24 MP: 2/2
   144 | D:1      | Reached XP level 3. HP: 29/29 MP: 3/3
   861 | D:2      | Found a faded altar of an unknown god.
   904 | D:2      | Reached skill level 3 in Polearms
   904 | D:2      | Reached skill level 5 in Shields
   904 | D:2      | Reached XP level 4. HP: 36/37 MP: 4/4
  1007 | D:2      | Found a radiant altar of Vehumet.
  1081 | D:2      | Found the +7 Kryia's mail coat {PotionHeal*2 rC+}
  1091 | D:2      | Identified the +1 great sword "Murmur" {chaos, Int+4
                  | Stlth-}
  1260 | D:2      | Reached XP level 5. HP: 32/42 MP: 5/5
  1778 | D:3      | Noticed Terence
  1789 | D:3      | Killed Terence
  1790 | D:3      | Reached skill level 4 in Polearms
  1956 | D:3      | Reached XP level 6. HP: 29/49 MP: 6/6
  2044 | D:3      | Noticed Ijyb
  2058 | D:3      | Killed Ijyb
  2246 | D:3      | Found a runed translucent door.
  2672 | D:3      | Noticed whodunnit's ghost (amateur SpBr)
  2692 | D:3      | Killed whodunnit's ghost
  2693 | D:3      | Reached skill level 5 in Polearms
  2697 | D:3      | Identified the +2 spear of Powerful Subterfuge {venom,
                  | rPois}
  2760 | D:4      | Reached skill level 5 in Fighting
  2760 | D:4      | Reached XP level 7. HP: 56/56 MP: 7/7
  2913 | D:4      | Reached skill level 6 in Polearms
  3598 | D:5      | Entered Level 5 of the Dungeon
  3629 | D:5      | Noticed a water moccasin
  3643 | D:5      | Killed a water moccasin
  3644 | D:5      | Reached XP level 8. HP: 64/64 MP: 8/8
  3656 | D:5      | Reached skill level 7 in Polearms
  4132 | D:5      | Found a staircase to the Ecumenical Temple.
  4142 | Temple   | Entered the Ecumenical Temple
  4631 | D:6      | Found a burning altar of Makhleb.
  4643 | D:6      | Identified the +1 robe of the Stonemason {Harm Regen+
                  | Str+3}
  4705 | D:6      | Reached skill level 8 in Polearms
  4922 | D:6      | Reached XP level 9. HP: 71/72 MP: 9/9
  5089 | D:6      | Reached skill level 9 in Polearms
  5678 | D:7      | Noticed Pikel
  5695 | D:7      | Killed Pikel
  5696 | D:7      | Reached skill level 10 in Polearms
  5864 | D:7      | Reached XP level 10. HP: 81/82 MP: 10/10
  5903 | D:7      | Noticed a cyclops
  5919 | D:7      | Killed a cyclops
  5920 | D:7      | Reached skill level 11 in Polearms
  6516 | D:7      | Found a blossoming altar of Fedhas.
  8347 | D:9      | Reached skill level 12 in Polearms
  8370 | D:9      | Noticed Grum
  8396 | D:9      | Reached skill level 10 in Fighting
  8414 | D:9      | Killed Grum
  8607 | D:9      | Noticed a two-headed ogre
  8627 | D:9      | Killed a two-headed ogre
  8630 | D:9      | Reached XP level 11. HP: 88/92 MP: 11/11
  8661 | D:9      | Found a bloodstained altar of Trog.
  8670 | D:9      | Found an ornate altar of the Wu Jian Council.
  8827 | D:9      | Noticed a two-headed ogre
  8841 | D:9      | Killed a two-headed ogre
  8842 | D:9      | Reached skill level 13 in Polearms
  8923 | D:9      | Found a glowing silver altar of Zin.
  8924 | D:9      | Found a hide-covered altar of Uskayaw.
  9568 | D:9      | Found a basalt altar of Yredelemnul.
  9582 | D:9      | Became a worshipper of Yredelemnul the Dark
  9593 | D:9      | Reached skill level 1 in Invocations
  9691 | D:9      | Noticed Amaemon
 10119 | D:9      | Killed Amaemon
 10119 | D:9      | Reached * piety under Yredelemnul
 10398 | D:10     | Entered Level 10 of the Dungeon
 10412 | D:10     | Found Tueg's Distillery.
 10438 | D:10     | Reached skill level 14 in Polearms
 10471 | D:10     | Reached ** piety under Yredelemnul
 10630 | D:10     | Found a staircase to the Lair.
 10722 | D:10     | Reached XP level 12. HP: 33/100 MP: 15/15
 10819 | D:10     | Reached skill level 5 in Invocations
 11114 | D:10     | Noticed a two-headed ogre
 11123 | D:10     | Killed a two-headed ogre
 11123 | D:10     | Reached *** piety under Yredelemnul
 11529 | D:11     | Noticed a two-headed ogre
 11540 | D:11     | Killed a two-headed ogre
 12001 | D:11     | Found a staircase to the Orcish Mines.
 12048 | D:11     | Reached **** piety under Yredelemnul
 12263 | D:11     | Reached ***** piety under Yredelemnul
 12435 | D:12     | Noticed Frances
 12436 | D:12     | Noticed a sixfirhy
 12781 | D:12     | You fall into a shaft and drop 1 floor!
 13114 | D:13     | HP: 2/102 [very large slime creature (48)]
 13115 | D:13     | Demolished by a very large slime creature

Illustrated notes

Levels and vault maps discovered:
D:1:      psy_arrival_basics, layout_loops_ring
D:2:      layout_basic, basic_ecumenical_altar, minmay_misc_feat_rugged,
          minmay_hexomino_r4
D:3:      layout_rooms, ebering_ghost_reflecting_pool, minivault_11,
          amcnicky_mini_pool_small, st_stairs_5, minmay_shallow_snake_nest,
          uniq_ijyb, uniq_terence
D:4:      layout_loops_cross
D:5:      layout_cave_pods, minmay_temple_entry_drinking_statues
D:6:      layout_basic, bloody_makhleb
D:7:      layout_gridville, lemuel_coloured_pillars_altar, uniq_pikel
D:8:      layout_layer_cave
D:9:      layout_grid_maze, mainiacjoe_overflow_surrounded_room,
          nicolae_wu_jian_wuxing_cycle, lemuel_mausoleum_altar_yredelemnul,
          mainiacjoe_overflow_divided_tiny, chequers_serial_rivers_micro_a,
          uniq_grum, uniq_amaemon
D:10:     layout_cave_pools, due_lair_maze_entry_diamond, serial_shops, shop
D:11:     layout_loops_ring, hiddenorc2_lemuel, kennysheep_generic_room_12
D:12:     layout_irregular_city, uniq_frances
D:13:     layout_loops_corners, skrybe_vaults_entry_preservation,
          hellmonk_ghost_happy_afterlife, kennysheep_generic_room_9
Temple:   nicolae_temple_superstar

Skill      XL: |  1  2  3  4  5  6  7  8  9 10 11 12 |
---------------+-------------------------------------+-----
Polearms       | 3 4 5 6 8 10 12 14 | 14.9
Shields        | 5 |  5.0
Fighting       | 4 5 6 7 8 10 11 12 | 12.2
Invocations    | 4 7 |  7.6
Armour         | |  3.2

Action                     |  1- 3 |  4- 6 |  7- 9 | 10-12 || total
---------------------------+-------+-------+-------+-------++-------
  Melee: Trident           |    71 |    16 |       |       ||    87
         Dagger            |    33 |   192 |       |       ||   225
         Spear             |       |     7 |   314 |   509 ||   830
         Halberd           |       |       |       |   147 ||   147
  Throw: Boomerang         |       |       |     2 |       ||     2
         Dart              |       |       |     4 |     6 ||    10
 Invoke: Dark Bargain      |       |       |       |     3 ||     3
         Recall Undead Har |       |       |       |     2 ||     2
Ability: Dig               |       |       |     1 |     5 ||     6
         Shaft Self        |       |       |       |     1 ||     1
  Evoke: Wand              |       |       |     2 |     7 ||     9
    Use: Scroll            |       |     6 |     5 |     2 ||    13
         Potion            |       |       |       |     2 ||     2
   Stab: Paralysed         |       |       |       |     4 ||     4
         Distracted        |       |       |       |     2 ||     2
 Armour: Scale mail        |    23 |       |       |       ||    23
         Plate armour      |    17 |   113 |   103 |   224 ||   457
  Dodge: Dodged            |    35 |    44 |    50 |   125 ||   254
  Block: Buckler           |    15 |    38 |    40 |    78 ||   171

Table legend: (Time is in decaauts)
 A = Elapsed time spent in this place.
 B = Non-inter-level travel time spent in this place.
 C = Inter-level travel time spent in this place.
 D = Time resting spent in this place.
 E = Time spent auto-exploring this place.
 F = Levels seen in this place.
 G = Mean time per level.
                   A        B        C        D        E       F      G
               +--------+--------+--------+--------+--------+-----+--------+
         Total |  12777 |  12220 |    557 |   1683 |   8359 |  14 |  912.6 |
       Dungeon |  12776 |  12219 |    557 |   1683 |   8359 |  13 |  982.8 |
        Temple |      1 |      1 |      0 |      0 |      0 |   1 |    1.0 |
               +--------+--------+--------+--------+--------+-----+--------+

Top non-repeatable levels by time:
     D:8: 1890 daAuts
     D:9: 1814 daAuts
     D:3: 1054 daAuts
    D:11: 1043 daAuts
     D:7: 1034 daAuts
     D:2: 985 daAuts
     D:5: 970 daAuts
    D:10: 939 daAuts
     D:6: 882 daAuts
     D:4: 848 daAuts
     D:1: 719 daAuts
    D:13: 328 daAuts
    D:12: 264 daAuts
  Temple: 1 daAuts
